 Dungeon Crawl Stone Soup version 0.30-a0-1-g69b7b797bf (webtiles) character file.

Game seed: 14309330917713469115

30 BritishOli the Trooper (level 3, 29/29 HPs)
             Began as a Demonspawn Fighter on Aug 19, 2022.
             Got out of the dungeon alive.
             The game lasted 00:00:36 (1080 turns).

BritishOli the Trooper (Demonspawn Fighter)         Turns: 1080, Time: 00:00:37

Health: 29/29      AC:  6    Str: 18    XL:     3   Next: 5%
Magic:  3/3        EV: 13    Int:  9    God:
Gold:   38         SH:  4    Dex: 12    Spells: 2/2 levels left

rFire   . . .      SeeInvis .    a - +0 long sword
rCold   . . .      Faith    .    c - +0 buckler
rNeg    . . .      Spirit   .    b - +0 scale mail
rPois   .          Reflect  .    (no helmet)
rElec   .          Harm     .    (no cloak)
rCorr   .          Rampage  .    (no gloves)
Will    .....                    (no boots)
Stlth   ..........               (no amulet)
HPRegen 0.09/turn                m - +4 ring of evasion
MPRegen 0.08/turn                (no ring)

@: no status effects
A: demonic magic 1, weakness stinger 1
a: no special abilities


You escaped.
You visited 1 branch of the dungeon, and saw 2 of its levels.

You collected 38 gold pieces.

Inventory:

Hand Weapons
 a - a +0 long sword (weapon)
Armour
 b - a +0 scale mail (worn)
 c - a +0 buckler (worn)
Jewellery
 e - a ring of fire
 m - a +4 ring of evasion (left hand)
Scrolls
 f - a scroll of enchant weapon {unknown}
 i - a scroll of fear {unknown}
 j - a scroll of vulnerability {unknown}
Potions
 d - 2 potions of might
 g - 2 potions of curing {unknown}
 h - 2 potions of mutation {unknown}
 k - 2 potions of flight {unknown}
 l - a potion of berserk rage {unknown}


   Skills:
 + Level 3.3 Fighting
 + Level 2.2 Long Blades
 + Level 3.0 Armour
 + Level 3.0 Shields


You had 2 spell levels left.
You didn't know any spells.
Your spell library was empty.

Dungeon Overview and Level Annotations

Branches:
Dungeon (2/15)

Altars:


Innate Abilities, Weirdness & Mutations

Spells you cast may paralyse adjacent enemies.
You have a small tail.


Message History

The adder is severely wounded.
You block the adder's attack. The adder barely misses you.
An adder is nearby!
You miss the adder.
The adder is severely wounded.
The adder closely misses you. The adder bites you but does no damage.
An adder is nearby!
You barely miss the adder.
Your tail-slap misses the adder.
The adder is severely wounded.
The adder barely misses you. x2
An adder is nearby!
You barely miss the adder.
The adder is severely wounded.
The adder closely misses you. The adder bites you but does no damage.
An adder is nearby!
You closely miss the adder.
The adder is severely wounded.
The adder bites you but does no damage.
An adder is nearby!
You slash the adder!
You kill the adder!
Your Armour skill increases to level 3!
Your Shields skill increases to level 3!
You have reached level 3!
Your experience leads to an increase in your attributes!
Increase (S)trength, (I)ntelligence, or (D)exterity?
You feel stronger. x2; Your demonic ancestry asserts itself...
A menacing aura infuses your magic.
(D) Dungeon
Where to? (Enter - D:2, ? - help)
There is a stone staircase leading up here.
You climb upwards.
There is a stone staircase leading down here.
You see here a +0 dagger.
There is an open door here.
There is a stone staircase leading down here.
There is an open gate here.
There is a staircase leading out of the dungeon here.
Are you sure you want to leave the Dungeon?
This will make you lose the game!
You have escaped!

# # # # ## ####### ######### # .#
#.....# #.......# # .####
#.###.### #.#####.###
....########.#8'''8# #.# #....
.............#.###.# #.# ###..
.##.######.####...#####.# ##.
....# ##.###..@..#....# ## #####
#....#######.#### # # #.>###.#
#.# # ## #..# #.# #.# ## .##
#..###.#####.##### ##. ..##
#....#.#.........# ##.. ...##
##.##.#.#.#.#.##..# ##...
....####.......#.#.#.#...####....
....'.......................')...


There were no monsters in sight!

Vanquished Creatures
  An adder (D:2)
  A dart slug (D:1)
  2 bats (D:1)
  An endoplasm (D:1)
  A giant cockroach (D:1)
  2 hobgoblins
  A jackal (D:1)
  A quokka (D:1)
  A frilled lizard (D:1)
  5 kobolds
  2 rats (D:2)
18 creatures vanquished.

Notes
Turn   | Place    | Note
-------+----------+-------------------------------------------
     0 | D:1      | BritishOli the Demonspawn Fighter began the quest for the
                  | Orb.
     0 | D:1      | Reached XP level 1. HP: 18/18 MP: 1/1
   131 | D:1      | Found a faded altar of an unknown god.
   269 | D:1      | Gained mutation: You have a small tail. [demonic ancestry]
   269 | D:1      | Reached XP level 2. HP: 21/24 MP: 2/2
  1015 | D:2      | Gained mutation: Spells you cast may paralyse adjacent
                  | enemies. [demonic ancestry]
  1015 | D:2      | Reached XP level 3. HP: 29/29 MP: 3/3
  1080 | D:$      | Got out of the dungeon alive.

Illustrated notes

Levels and vault maps discovered:
D:1:      saegor_arrival_simple_c, layout_loops_corners,
          shapermc_ecumenical_altar_acropolis, minmay_split_cup_small
D:2:      layout_basic, uniq_sigmund

Skill      XL: |  1  2 |
---------------+-------+-----
Long Blades    | 2 |  2.2
Armour         | 3 |  3.0
Shields        | 3 |  3.0
Fighting       | |  3.3

Action                   || total
-------------------------++-------
Melee: Long sword        ||    64
       Tailslap          ||     2
Armor: Scale mail        ||    32
Dodge: Dodged            ||    36
Block: Buckler           ||    16

Table legend: (Time is in decaauts)
 A = Elapsed time spent in this place.
 B = Non-inter-level travel time spent in this place.
 C = Inter-level travel time spent in this place.
 D = Time resting spent in this place.
 E = Time spent auto-exploring this place.
 F = Levels seen in this place.
 G = Mean time per level.
                   A        B        C        D        E       F      G
               +--------+--------+--------+--------+--------+-----+--------+
         Total |   1101 |   1018 |     83 |      0 |    870 |   2 |  550.5 |
       Dungeon |   1101 |   1018 |     83 |      0 |    870 |   2 |  550.5 |
               +--------+--------+--------+--------+--------+-----+--------+

Top non-repeatable levels by time:
     D:1: 958 daAuts
     D:2: 143 daAuts
